 Dungeon Crawl Stone Soup version 0.26.1-11-gd32895ea62 (webtiles) character file.

Game seed: 11228564930135333445

43 MisterFreud the Ducker (level 3, -3/17 HPs)
             Began as a Felid Berserker on June 21, 2021.
             Was a Follower of Trog.
             Slain by a gnoll
             ... wielding a +0 spear
              (7 damage)
             ... on level 2 of the Dungeon.
             The game lasted 00:01:00 (1719 turns).

MisterFreud the Ducker (Felid Berserker)            Turns: 1719, Time: 00:01:01

Health: -3/17      AC:  1    Str: 13    XL:     3   Next: 37%
Magic:  4/4        EV: 19    Int:  8    God:    Trog [*.....]
Gold:   87         SH:  0    Dex: 16    Spells: 2/2 levels left
                                        Lives:  0   Deaths: 0

rFire    . . .     SeeInvis +     - Unarmed
rCold    . . .     Faith    .   (shield unavailable)
rNeg     . . .     Spirit   .   (armour unavailable)
rPois    .         Reflect  .   (helmet unavailable)
rElec    .         Harm     .   (cloak unavailable)
rCorr    .         Rampage  .   (gloves unavailable)
Will     .....                  (boots unavailable)
Stlth    +++.......             (no amulet)
HPRegen  0.05/turn              (no ring)
MPRegen  0.09/turn              (no ring)

@: quick
A: very small, no armour, no weapons or thrown items, stealth, claws 1, fangs 3,
see invisible, speed 1, shaggy fur 1, sharp paws
a: Renounce Religion, Berserk


You were on level 2 of the Dungeon.
You worshipped Trog.
Trog was aware of your devotion.
You visited 1 branch of the dungeon, and saw 2 of its levels.

You collected 87 gold pieces.

Inventory:

Jewellery
 d - an uncursed ring of flight {unknown}
Scrolls
 c - a scroll of enchant weapon {unknown}
 g - 2 scrolls of identify {unknown}
 i - a scroll of teleportation {unknown}
Potions
 a - 2 potions of haste {unknown}
 b - a potion of magic {unknown}
 e - a potion of ambrosia {unknown}
 f - a potion of heal wounds {unknown}
 h - a potion of curing {unknown}


   Skills:
 - Level 3.0 Fighting
 - Level 4.0 Dodging
 + Level 3.1 Stealth
 + Level 3.8 Unarmed Combat


You had 2 spell levels left.
You didn't know any spells.
Your spell library was empty.

Dungeon Overview and Level Annotations

Branches:
Dungeon (2/15)

Altars:


Innate Abilities, Weirdness & Mutations

You cannot wear armour.
You are incapable of wielding weapons or throwing items.
Your paws allow you to move quietly. (Stealth)
You have sharp claws.
You have razor-sharp teeth.
You have supernaturally acute eyesight. (SInv)
You cover ground quickly.
You are covered in fur. (AC +1)
Your sharp claws are effective at attacking unaware monsters.


Message History

The gnoll completely misses you. The gnoll barely misses you.
You completely miss the gnoll.
The gnoll is heavily wounded.
The gnoll misses you. The gnoll completely misses you.
You scratch the gnoll. You bite the gnoll, but do no damage.
The gnoll is severely wounded.
The gnoll hits you from afar with a +0 spear!
* * * LOW HITPOINT WARNING * * *
You claw the gnoll!
You kill the gnoll!
Trog accepts your kill. The gnoll closely misses you.
Your Stealth skill increases to level 3!
The gnoll misses you.
Found a stone staircase leading up.
You see here a +0 flail.
You scratch the gnoll.
The gnoll is moderately wounded.
The gnoll hits you with a +0 spear!
You die...

##### ### #...#####
.. #.......# #.
#...###.##
#.#.####.###...##
#..g@)...##.....#
.....#.########...##
#.# #. ##..# <. ##.#
.## ####.#### ..
#.......# ..
#.##.##.# ... #
#.##.# #..#.#


You could see a gnoll.

Vanquished Creatures
  2 gnolls (D:2)
  A leopard gecko (D:1)
  3 giant cockroaches
  A hobgoblin (D:1)
  4 kobolds (D:1)
  A ball python (D:1)
  2 bats
  5 goblins
  4 rats
23 creatures vanquished.

Notes
Turn   | Place    | Note
-------+----------+-------------------------------------------
     0 | D:1      | MisterFreud the Felid Berserker began the quest for the
                  | Orb.
     0 | D:1      | Reached XP level 1. HP: 10/10 MP: 2/2
   105 | D:1      | Reached skill level 1 in Stealth
   483 | D:1      | Reached XP level 2. HP: 7/14 MP: 3/3
  1710 | D:2      | Reached XP level 3. HP: 17/17 MP: 4/4
  1719 | D:2      | Slain by a gnoll

Illustrated notes

Levels and vault maps discovered:
D:1:      dpeg_arrival_circle_labyrinth_c, layout_loops_ring,
          minmay_misc_feat_diagonals, kennysheep_decorative_pillar
D:2:      layout_loops_cross

Skill      XL: |  1  2  3 |
---------------+----------+-----
Stealth        | 1 2 3 |  3.1
Fighting       | |  3.0
Dodging        | |  4.0
Unarmed Combat | |  3.8

Action                   || total
-------------------------++-------
Melee: Unarmed           ||    59
       Bite              ||     6
Invok: Berserk           ||     1
 Stab: Sleeping          ||     4
Armor: Skin              ||     2
Dodge: Dodged            ||    50
